 Dungeon Crawl Stone Soup version 0.28.0-45-g0d030f2227 (webtiles) character file.

Game seed: 9605123482578329130

163 MisterFreud the Covert (level 5, 0/47 HPs)
             Began as a Gnoll Delver on May 13, 2022.
             Succumbed to a water moccasin's poison
             ... on level 4 of the Dungeon.
             The game lasted 00:02:09 (816 turns).

MisterFreud the Covert (Gnoll Delver)                Turns: 816, Time: 00:02:09

Health: 0/47       AC:  3    Str: 11    XL:     5   Next: 44%
Magic:  7/7        EV: 13    Int: 12    God:
Gold:   34         SH:  0    Dex: 13    Spells: 7/7 levels left

rFire   . . .      SeeInvis .   h - +0 rapier
rCold   . . .      Faith    .   (no shield)
rNeg    . . .      Spirit   .   b - +0 leather armour
rPois   .          Reflect  .   (no helmet)
rElec   .          Harm     .   (no cloak)
rCorr   .          Rampage  .   (no gloves)
Will    .....                   (no boots)
Stlth   ++++......              (no amulet)
HPRegen 0.15/turn               (no ring)
MPRegen 0.10/turn               (no ring)

@: mighty, lethally poisoned (0 -> -1)
A: fangs 1, strong nose, distributed training
a: no special abilities


You were on level 4 of the Dungeon.
You visited 1 branch of the dungeon, and saw 4 of its levels.

You collected 34 gold pieces.

Inventory:

Hand Weapons
 a - a +0 short sword
 h - a +0 rapier (weapon)
Missiles
 k - 2 javelins (quivered)
Armour
 b - a +0 leather armour (worn)
Wands
 g - a wand of digging (3)
Scrolls
 c - a scroll of fog
 d - a scroll of magic mapping
 e - a scroll of fear
 i - 2 scrolls of teleportation {unknown}
Potions
 f - a potion of haste


   Skills:
 + Level 6.7 Fighting
 + Level 4.8 Short Blades
 + Level 1.5 Long Blades
 + Level 1.5 Axes
 + Level 1.5 Maces & Flails
 + Level 1.5 Polearms
 + Level 1.5 Staves
 + Level 1.5 Slings
 + Level 1.5 Bows
 + Level 1.5 Crossbows
 + Level 1.5 Throwing
 + Level 1.5 Armour
 + Level 4.8 Dodging
 + Level 9.7 Stealth
 + Level 1.5 Shields
 + Level 1.5 Unarmed Combat
 + Level 1.5 Spellcasting
 + Level 1.2 Conjurations
 + Level 1.2 Hexes
 + Level 1.2 Summonings
 + Level 1.2 Necromancy
 + Level 1.2 Translocations
 + Level 1.2 Transmutations
 + Level 1.2 Fire Magic
 + Level 1.2 Ice Magic
 + Level 1.2 Air Magic
 + Level 1.2 Earth Magic
 + Level 1.2 Poison Magic
 + Level 1.7 Invocations
 + Level 1.5 Evocations


You had 7 spell levels left.
You didn't know any spells.
Your spell library was empty.

Dungeon Overview and Level Annotations

Branches:
Dungeon (6/15)
 Temple: D:4-7

Altars:

Annotations:
D:4 Duvessa


Innate Abilities, Weirdness & Mutations

You have very sharp teeth.
Your uncanny sense of smell can sniff out nearby items.
Your experience applies equally to all skills.


Message History

The water moccasin poisons you!
You hit the water moccasin.
You bite the water moccasin, but do no damage.
The water moccasin is moderately wounded.
You feel very sick. The water moccasin bites you.
You hit the water moccasin but do no damage.
Your bite misses the water moccasin.
The water moccasin is moderately wounded.
You feel very sick. The water moccasin bites you!
You barely miss the water moccasin.
The water moccasin is moderately wounded.
You feel sick. The water moccasin misses you.
The water moccasin bites you but does no damage.
You hit the water moccasin but do no damage.
Your bite misses the water moccasin.
The water moccasin is moderately wounded.
You feel sick. The water moccasin closely misses you.
You hit the water moccasin but do no damage.
The water moccasin is moderately wounded.
You feel sick.
The water moccasin bites you but does no damage. x2
You closely miss the water moccasin.
The water moccasin is moderately wounded.
You feel sick. The water moccasin bites you.
* * * LOW HITPOINT WARNING * * *
It was a potion of might.
You feel very mighty all of a sudden.
You feel sick.
The water moccasin completely misses you.
You puncture the water moccasin!
The water moccasin is heavily wounded.
You feel sick. The water moccasin bites you!
* * * LOW HITPOINT WARNING * * *
Okay, then.
Unknown command.
You closely miss the water moccasin.
The water moccasin is heavily wounded.
You die...

..#.....†.# ###......)#
#.......#################
#.......................#
#####'#################.#
#.#...<..#...# #.#
#.#........# # #.#
#.#.####.###.# #.#
#.#......S@..# #.#
#.######.##### #.# #........#
#.#
#########################.###
............................#
#############################


You could see a water moccasin.

Vanquished Creatures
  Dowan (D:4)
  A howler monkey (D:4)
  A centaur zombie (D:6)
  A centaur skeleton (D:4)
  A hound skeleton (D:4)
  An orc (D:4)
  2 ball pythons (D:4)
  An endoplasm (D:4)
  A kobold (D:4)
10 creatures vanquished.

Notes
Turn   | Place    | Note
-------+----------+-------------------------------------------
     0 | D:5      | Reached skill level 9 in Stealth
     0 | D:5      | MisterFreud the Gnoll Delver began the quest for the Orb.
     0 | D:5      | Reached XP level 1. HP: 23/23 MP: 1/1
    11 | D:6      | Reached XP level 2. HP: 19/29 MP: 1/3
    11 | D:6      | Reached XP level 3. HP: 23/35 MP: 1/4
   179 | D:4      | Reached skill level 1 in Long Blades
   179 | D:4      | Reached skill level 1 in Axes
   179 | D:4      | Reached skill level 1 in Maces & Flails
   179 | D:4      | Reached skill level 1 in Polearms
   179 | D:4      | Reached skill level 1 in Staves
   179 | D:4      | Reached skill level 1 in Slings
   179 | D:4      | Reached skill level 1 in Bows
   179 | D:4      | Reached skill level 1 in Crossbows
   179 | D:4      | Reached skill level 1 in Throwing
   179 | D:4      | Reached skill level 1 in Armour
   179 | D:4      | Reached skill level 1 in Shields
   179 | D:4      | Reached skill level 1 in Unarmed Combat
   179 | D:4      | Reached skill level 1 in Spellcasting
   179 | D:4      | Reached skill level 1 in Invocations
   179 | D:4      | Reached skill level 1 in Evocations
   179 | D:4      | Reached XP level 4. HP: 40/41 MP: 5/5
   226 | D:4      | Noticed Duvessa
   499 | D:4      | Noticed Dowan
   515 | D:4      | Killed Dowan
   516 | D:4      | Reached skill level 1 in Conjurations
   516 | D:4      | Reached skill level 1 in Hexes
   516 | D:4      | Reached skill level 1 in Summonings
   516 | D:4      | Reached skill level 1 in Necromancy
   516 | D:4      | Reached skill level 1 in Translocations
   516 | D:4      | Reached skill level 1 in Transmutations
   516 | D:4      | Reached skill level 1 in Fire Magic
   516 | D:4      | Reached skill level 1 in Ice Magic
   516 | D:4      | Reached skill level 1 in Air Magic
   516 | D:4      | Reached skill level 1 in Earth Magic
   516 | D:4      | Reached skill level 1 in Poison Magic
   625 | D:4      | Reached XP level 5. HP: 39/47 MP: 6/6
   754 | D:3      | Noticed a water moccasin
   815 | D:4      | HP: 1/47 [water moccasin (7)]
   816 | D:4      | Succumbed to a water moccasin's poison

Illustrated notes

Levels and vault maps discovered:
D:3:      layout_rooms, shapermc_ecumenical_altar_mp_ritualfount, uniq_terence,
          uniq_pargi, uniq_robin, uniq_sigmund, uniq_grinder
D:4:      layout_basic, uniq_duvessa
D:5:      layout_gridville, lemuel_mausoleum_altar_yredelemnul,
          gammafunk_ghost_arena
D:6:      layout_basic, minmay_temple_entry_proselytizer, fountainhead,
          nicolae_shop_clearance

Skill      XL: |  1  2  3  4 |
---------------+-------------+-----
Stealth        | |  9.7
Long Blades    | 1 |  1.5
Axes           | 1 |  1.5
Maces & Flails | 1 |  1.5
Polearms       | 1 |  1.5
Staves         | 1 |  1.5
Slings         | 1 |  1.5
Bows           | 1 |  1.5
Crossbows      | 1 |  1.5
Throwing       | 1 |  1.5
Armour         | 1 |  1.5
Shields        | 1 |  1.5
Unarmed Combat | 1 |  1.5
Spellcasting   | 1 |  1.5
Invocations    | 1 |  1.7
Evocations     | 1 |  1.5
Conjurations   | 1 |  1.2
Hexes          | 1 |  1.2
Summonings     | 1 |  1.2
Necromancy     | 1 |  1.2
Translocations | 1 |  1.2
Transmutations | 1 |  1.2
Fire Magic     | 1 |  1.2
Ice Magic      | 1 |  1.2
Air Magic      | 1 |  1.2
Earth Magic    | 1 |  1.2
Poison Magic   | 1 |  1.2
Fighting       | |  6.7
Short Blades   | |  4.8
Dodging        | |  4.8

Action                   |  1- 3 |  4- 6 || total
-------------------------+-------+-------++-------
Melee: Short sword       |     6 |       ||     6
       Bite              |     2 |     5 ||     7
       Punch             |     1 |       ||     1
       Rapier            |     9 |    55 ||    64
  Use: Potion            |       |     1 ||     1
 Stab: Sleeping          |     1 |     1 ||     2
Armor: Leather armour    |     6 |     7 ||    13
Dodge: Dodged            |    22 |    35 ||    57
